 Dungeon Crawl Stone Soup version 0.24.1-8-ga250c9d538 (webtiles) character file.

Game seed: 7560519505707296044, levelgen mode: deterministic

3934 Hugehornet the Cleaver (level 10, -1/84 HPs)
             Began as a Hill Orc Fighter on Apr 27, 2020.
             Slain by a hornet (9 damage)
             ... on level 9 of the Dungeon.
             The game lasted 00:23:27 (8489 turns).

Hugehornet the Cleaver (Hill Orc Fighter)           Turns: 8489, Time: 00:23:29

Health: -1/84      AC: 13    Str: 23    XL:     10   Next: 21%
Magic:  10/10      EV:  8    Int: 13    God:
Gold:   379        SH:  0    Dex: 10    Spells: 9/9 levels left

rFire    + + .     SeeInvis .   a - +0 war axe
rCold    + . .     Gourm    .   c - +0 shield
rNeg     . . .     Faith    .   j - +0 chain mail (curse)
rPois    +         Spirit   .   L - +0 helmet
rElec    +         Reflect  .   g - +0 cloak (curse)
rCorr    +         Harm     .   (no gloves)
MR       +....                  (no boots)
Stlth    ..........             (no amulet)
HPRegen  0.24/turn              e - ring of protection from fire
MPRegen  0.12/turn              w - ring of protection from magic

@: confused, brilliant, lethally poisoned (-1 -> -10), resistant, flying,
slowed, drained, very slow
A: no striking features
a: no special abilities


You were on level 9 of the Dungeon.
You were not hungry.

You visited 2 branches of the dungeon, and saw 10 of its levels.

You collected 379 gold pieces.

Inventory:

Hand Weapons
 a - a +0 war axe (weapon)
 d - a cursed +3 flail
 u - a +0 flail
 F - a +6 short sword of holy wrath
 H - a +1 mace of protection
Armour
 b - a +0 scale mail
 c - a +0 shield (worn)
 g - a cursed +0 cloak (worn)
 j - a cursed +0 chain mail (worn)
 C - the +3 robe of Folly {Archmagi, MR-- Int+5}
   (You found it on level 5 of the Dungeon)

   It affects your intelligence (+5).
   It affects your resistance to hostile enchantments.
 L - a +0 helmet (worn)
Jewellery
 e - a ring of protection from fire (left hand)
 v - an uncursed ring of wizardry
 w - a ring of protection from magic (right hand)
 B - a +2 ring of intelligence
Wands
 x - a wand of paralysis (11)
 D - a wand of flame (9)
 I - a wand of digging (6)
Scrolls
 m - 5 scrolls of remove curse {unknown}
 n - 3 scrolls of amnesia {unknown}
 o - a scroll of identify
 p - 4 scrolls of enchant weapon {unknown}
 q - 4 scrolls of teleportation {unknown}
 t - a scroll of summoning {unknown}
 y - a scroll of fog {unknown}
 E - a scroll of blinking {unknown}
 G - 2 scrolls of fear {unknown}
 J - a scroll of enchant armour {unknown}
Potions
 i - 2 potions of magic
 k - 2 potions of agility
 l - 2 potions of degeneration
 r - a potion of lignification
 s - a potion of flight
 A - a potion of resistance
Comestibles
 f - 18 rations


   Skills:
 + Level 6.8(6.0) Fighting
 * Level 9.2(8.3) Axes
 * Level 8.1(7.3) Armour
 + Level 3.7(3.0) Dodging
 * Level 8.2(7.4) Shields
 + Level 5.0(4.2) Unarmed Combat


You had 9 spell levels left.
You didn't know any spells.
Your spell library contained the following spells:

 Spells                   Type           Power        Failure   Level  Hunger
 Confusing Touch          Hex            #.....       43%         1    ##.....
 Confuse                  Hex            #.......     77%         3    ####...
 Gell's Gravitas          Tloc           #.........   77%         3    ####...
 Petrify                  Tmut/Erth      #.......     98%         4    #####..
 Metabolic Englaciation   Hex/Ice        #.........   100%        5    ######.
 Yara's Violent Unravell  Hex/Tmut       #.........   100%        5    ######.


Dungeon Overview and Level Annotations

Branches:
Dungeon (9/15)             Temple (1/1) D:4
   Lair: D:8-11         Orc: D:9-12

Altars:
Ashenzari
Cheibriados
Dithmenos
Elyvilon
Fedhas
Gozag
Hepliaklqana
Kikubaaqudgha
Makhleb
Nemelex Xobeh
Okawaru
Qazlal
Ru
Sif Muna
Trog
Uskayaw
Vehumet
Wu Jian
Xom
Yredelemnul
Zin
The Shining One

Shops:
D:4 :


Message History

The hornet stings you but does no damage.
It was a potion of ambrosia.
You are confused.
You feel invigorated.
* * * LOW HITPOINT WARNING * * *
You feel sick. The hornet barely misses you.
The hornet stings you but does no damage.
It was a potion of brilliance.
You feel clever all of a sudden.
You feel sick. The hornet stings you.
* * * LOW HITPOINT WARNING * * *
The hornet stings you!
* * * LOW HITPOINT WARNING * * *
You feel very buoyant.
You fly up into the air.
* * * LOW HITPOINT WARNING * * *
You feel sick.
The hornet stings you but does no damage. x2
The hornet stings you!
You die...

#.#≈ #..≈ ##..≈ ...# #.#
#..## #.# ... #.# #.# #.#
#@# #.# #y# # #.#
####H####....
#.#####...........#
######.................#
##<...........#######.###
#.....######### .#
.......####≈#
...<....#..≈#


You could see a hippogriff and a hornet.

Vanquished Creatures
  A centaur zombie (D:9)
  A centaur skeleton (D:8)
  Prince Ribbit (D:6)
  Duvessa (D:6)
  A black bear (D:8)
  2 ice beasts
  4 phantoms
  A sky beast (D:7)
  An orc warrior (D:7)
  An ogre (D:5)
  3 centaurs
  A big kobold (D:7)
  4 bullfrogs
  A gnoll sergeant (D:8)
  Dowan (D:6)
  A scorpion (D:4)
  4 wights (D:8)
  3 howler monkeys
  5 crimson imps
  5 jellies
  2 orc wizards
  3 hounds
  An orc priest (D:7)
  Crazy Yiuf (D:4)
  A bullfrog skeleton (D:7)
  An iguana (D:4)
  Natasha (thrice) (D:4)
  5 worker ants
  A killer bee zombie (D:7)
  A hound skeleton (D:3)
  A worker ant zombie (D:8)
  4 gnolls (D:8)
  9 adders
  A shadow imp (D:8)
  An ooze (D:2)
  An adder zombie (D:6)
  2 adder skeletons
  3 worms
  A dart slug (D:1)
  5 leopard geckos
  19 orcs
  6 bats
  5 giant cockroaches
  7 hobgoblins
  5 jackals
  A quokka (D:6)
  A ball python (D:4)
  3 frilled lizards
  9 goblins
  A jackal skeleton (D:6)
  13 kobolds
  A leopard gecko skeleton (D:8)
  A quokka zombie (D:6)
  3 rats
164 creatures vanquished.

Notes
Turn   | Place    | Note
-------+----------+-------------------------------------------
     0 | D:1      | Hugehornet the Hill Orc Fighter began the quest for the
                  | Orb.
     0 | D:1      | Reached XP level 1. HP: 19/19 MP: 1/1
   159 | D:1      | Reached XP level 2. HP: 21/27 MP: 2/2
   447 | D:1      | Reached skill level 3 in Axes
   895 | D:2      | Reached XP level 3. HP: 33/33 MP: 3/3
  1654 | D:3      | Reached skill level 1 in Unarmed Combat
  1718 | D:3      | Reached XP level 4. HP: 32/40 MP: 4/4
  2346 | D:4      | Reached skill level 1 in Dodging
  2346 | D:4      | Reached XP level 5. HP: 33/46 MP: 5/5
  2364 | D:4      | Reached skill level 4 in Axes
  2373 | D:4      | Noticed a phantom
  2414 | D:4      | HP: 1/69 [phantom (5)]
  2423 | D:4      | Killed a phantom
  2423 | D:4      | Reached XP level 6. HP: 16/53 MP: 6/6
  3058 | D:4      | Found a faded altar of an unknown god.
  3060 | D:4      | Found a staircase to the Ecumenical Temple.
  3088 | D:4      | Found a runed translucent door.
  3089 | D:4      | Noticed Crazy Yiuf
  3096 | D:4      | Killed Crazy Yiuf
  3162 | Temple   | Entered the Ecumenical Temple
  3712 | D:4      | Found Huekem's Book Shop.
  3712 | D:4      | Noticed Natasha
  3730 | D:4      | Killed Natasha
  3730 | D:4      | Reached skill level 5 in Axes
  4074 | D:4      | Noticed Natasha
  4082 | D:4      | Killed Natasha
  4082 | D:4      | Reached XP level 7. HP: 59/60 MP: 7/7
  4105 | D:4      | Noticed Natasha
  4111 | D:4      | Killed Natasha
  4142 | D:5      | Entered Level 5 of the Dungeon
  4210 | D:5      | Reached skill level 5 in Armour
  4210 | D:5      | Reached skill level 5 in Shields
  4532 | D:5      | Found the +3 robe of Folly {Archmagi, MR-- Int+5}
  4932 | D:5      | Reached skill level 5 in Fighting
  5084 | D:6      | Reached XP level 8. HP: 68/68 MP: 8/8
  5143 | D:6      | Noticed Duvessa
  5144 | D:6      | Noticed Dowan
  5156 | D:6      | Killed Duvessa
  5156 | D:6      | Reached skill level 6 in Axes
  5158 | D:6      | Killed Dowan
  5970 | D:6      | Noticed Prince Ribbit
  6358 | D:6      | Killed Prince Ribbit
  6358 | D:6      | Reached skill level 7 in Axes
  6446 | D:7      | Reached XP level 9. HP: 67/75 MP: 9/9
  6817 | D:7      | Reached skill level 8 in Axes
  7783 | D:8      | Reached XP level 10. HP: 42/84 MP: 10/10
  8037 | D:8      | Reached skill level 9 in Axes
  8051 | D:8      | Found an ornate altar of the Wu Jian Council.
  8051 | D:8      | Found an ancient bone altar of Kikubaaqudgha.
  8051 | D:8      | Found a shattered altar of Ashenzari.
  8051 | D:8      | Found a sacrificial altar of Ru.
  8446 | D:9      | Reached skill level 5 in Unarmed Combat
  8489 | D:9      | Slain by a hornet

Levels and vault maps discovered:
D:1:      lightli_arrival_statue_moat, layout_loops_corners,
          minmay_misc_feat_enclosed
D:2:      layout_basic, kennysheep_generic_room_5
D:3:      layout_basic, nrook_loot_triangle, eino_curves_04, chequers_jeans
D:4:      minmay_skewed_foursquare, layout_rooms,
          nicolae_temple_entry_ecumenical, serial_shops, shop, uniq_natasha,
          uniq_crazy_yiuf_cottage
D:5:      wad_crossroads, layout_cave_pools, first_ration
D:6:      layout_loops_ring, uniq_duvessa, uniq_prince_ribbit1
D:7:      layout_basic
D:8:      corexii_shack_village, layout_rooms, grunt_temple_overflow_cloverleaf
D:9:      layout_loops_ring, serial_rivers, chequers_serial_rivers_large_a,
          chequers_serial_rivers_micro_e, chequers_serial_rivers_room_a,
          chequers_serial_rivers_small_a, chequers_serial_rivers_small_a
Temple:   dpeg_five_rooms_temple

Skill      XL: |  1  2  3  4  5  6  7  8  9 10 |
---------------+-------------------------------+-----
Axes           | 3 4 5 7 8 9 |  9.2
Unarmed Combat | 1 2 3 4 5 |  5.0
Fighting       | 4 5 6 |  6.8
Armour         | 4 5 6 7 8 |  8.1
Dodging        | 1 2 3 |  3.7
Shields        | 4 5 6 7 8 |  8.2

Action                   |  1- 3 |  4- 6 |  7- 9 | 10-12 || total
-------------------------+-------+-------+-------+-------++-------
Melee: War axe           |   120 |   138 |   420 |    82 ||   760
  Use: Potion            |       |     4 |     4 |     6 ||    14
       Scroll            |       |       |     5 |       ||     5
  Eat: Chunk             |     3 |     4 |     9 |     3 ||    19
       Ration            |       |     1 |     1 |       ||     2
Armor: Scale mail        |     7 |       |       |       ||     7
       Chain mail        |    53 |    68 |   207 |    47 ||   375
       Skin              |       |     6 |       |       ||     6
Dodge: Dodged            |    35 |    11 |   124 |    27 ||   197
Block: Shield            |    74 |    57 |   229 |    48 ||   408
